 Dungeon Crawl Stone Soup version 0.24.0-37-gcf1ca852f1 (webtiles) character file.

Game seed: 5685724045564951126, levelgen mode: deterministic

99986 Johnny the Phalangite (level 15, -9/110 HPs)
             Began as a Demigod Gladiator on Dec 1, 2019.
             Killed from afar by a deep elf mage (35 damage)
             ... with a bolt of lightning
             ... on level 1 of the Elven Halls.
             The game lasted 00:36:09 (30720 turns).

Johnny the Phalangite (Demigod Gladiator)          Turns: 30720, Time: 00:36:10

Health: -9/110     AC: 23    Str: 39    XL:     15   Next: 34%
Magic:  0/18       EV: 12    Int: 15    God:
Gold:   378        SH:  0    Dex: 17    Spells: 14/14 levels left

rFire    . . .     SeeInvis +   L - +8 glaive of the Guard {elec, +Rage AC+5 SInv}
rCold    . . .     Gourm    .   (shield currently unavailable)
rNeg     . . .     Faith    .   c - +3 scale mail {rPois}
rPois    +         Spirit   +   M - +2 helmet {Int+3}
rElec    .         Reflect  .   P - +1 cloak
rCorr    .         Harm     .   J - +2 pair of gloves
MR       +....                  F - +0 pair of boots
Stlth    ..........             d - amulet of guardian spirit
HPRegen  0.28/turn              r - +6 ring of strength
MPRegen  0.16/turn              u - +6 ring of strength

@: about to teleport
A: high mp 1
a: Evoke Berserk Rage


You were on level 1 of the Elven Halls.
You were hungry.

You visited 4 branches of the dungeon, and saw 24 of its levels.
You also visited: Sewer.

You collected 2152 gold pieces.
You spent 1774 gold pieces at shops.

Inventory:

Hand Weapons
 L - the +8 glaive of the Guard (weapon) {elec, +Rage AC+5 SInv}
   (You found it on level 9 of the Dungeon)

   Occasionally, upon striking a foe, it will discharge some electrical energy
   and cause terrible harm.
   It affects your AC (+5).
   It lets you see invisible.
   It lets you go berserk.
Missiles
 W - 3 throwing nets (quivered)
Armour
 c - a +3 scale mail of poison resistance (worn)
 v - a +0 troll leather armour
 F - a +0 pair of boots (worn)
 J - a +2 pair of gloves (worn)
 M - a +2 helmet of intelligence (worn)
 P - a +1 cloak (worn)
Jewellery
 d - an amulet of guardian spirit (around neck)
 r - a +6 ring of strength (left hand)
 u - a +6 ring of strength (right hand)
 y - an uncursed ring of ice
 E - an uncursed ring of fire
 N - an uncursed ring of resist corrosion
 Q - an uncursed ring of wizardry
Wands
 m - a wand of digging (12)
 C - a wand of disintegration (15)
 H - a wand of clouds (3)
 X - a wand of flame (46)
 Y - a wand of scattershot (2)
Scrolls
 a - 2 scrolls of enchant armour
 e - 5 scrolls of immolation
 h - 3 scrolls of fog
 i - 2 scrolls of blinking
 o - a scroll of holy word
 p - 5 scrolls of enchant weapon
 q - 12 scrolls of remove curse
 t - 5 scrolls of amnesia
 x - 4 scrolls of noise
 z - 4 scrolls of magic mapping
 G - 5 scrolls of teleportation
 O - a scroll of fear
Potions
 b - a potion of invisibility
 g - 2 potions of agility
 j - 9 potions of brilliance
 k - 2 potions of mutation
 l - 5 potions of lignification
 n - a potion of might
 s - 7 potions of heal wounds
 w - 4 potions of degeneration
 A - 6 potions of curing
 B - 2 potions of haste
 D - 2 potions of ambrosia
 I - 5 potions of flight
 S - 2 potions of magic
 U - a potion of berserk rage
Miscellaneous
 R - a lamp of fire (inert)
Comestibles
 f - 23 rations


   Skills:
 + Level 4.2 Fighting
 * Level 23.2 Polearms
 - Level 1.7 Throwing
 - Level 2.6 Dodging


You had 14 spell levels left.
You didn't know any spells.
Your spell library contained the following spells:

 Spells                   Type           Power        Failure   Level  Hunger
 Apportation              Tloc           #.....       45%         1    ##.....
 Confusing Touch          Hex            #.....       45%         1    ##.....
 Shock                    Conj/Air       #...         45%         1    ##.....
 Summon Butterflies       Summ           #.......     45%         1    ##.....
 Summon Small Mammal      Summ           #...         45%         1    ##.....
 Call Imp                 Summ           #.......     58%         2    ###....
 Ensorcelled Hibernation  Hex/Ice        #.....       58%         2    ###....
 Poisonous Vapours        Pois/Air       #.....       58%         2    ###....
 Swiftness                Chrm/Air       #.......     58%         2    ###....
 Call Canine Familiar     Summ           #.......     83%         3    ####...
 Confuse                  Hex            #.......     83%         3    ####...
 Conjure Flame            Conj/Fire      #.......     83%         3    ####...
 Gell's Gravitas          Tloc           #.........   83%         3    ####...
 Lesser Beckoning         Tloc           #.........   83%         3    ####...
 Mephitic Cloud           Conj/Pois/Air  #.......     83%         3    ####...
 Static Discharge         Conj/Air       #.......     83%         3    ####...
 Summon Guardian Golem    Hex/Summ       #.......     83%         3    ####...
 Tukima's Dance           Hex            #.......     83%         3    ####...
 Airstrike                Air            #.........   99%         4    #####..
 Petrify                  Tmut/Erth      #.......     99%         4    #####..
 Summon Ice Beast         Ice/Summ       #.......     99%         4    #####..
 Summon Lightning Spire   Summ/Air       #.......     99%         4    #####..
 Alistair's Intoxication  Tmut/Pois      #.......     100%        5    ######.
 Borgnjor's Vile Clutch   Necr/Erth      #.........   100%        5    ######.
 Lightning Bolt           Conj/Air       #.........   100%        5    ######.
 Metabolic Englaciation   Hex/Ice        #.........   100%        5    ######.
 Silence                  Hex/Air        #.........   100%        5    ######.
 Yara's Violent Unravell  Hex/Tmut       #.........   100%        5    ######.
 Darkness                 Hex            #.........   100%        6    #######
 Freezing Cloud           Conj/Ice/Air   #.........   100%        6    #######
 Invisibility             Hex            #.......     100%        6    #######
 Shadow Creatures         Summ           N/A          100%        6    #######
 Ring of Flames           Chrm/Fire      #.........   100%        7    #######


Dungeon Overview and Level Annotations

Branches:
Dungeon (15/15)            Temple (0/1) D:7            Lair (6/6) D:9
  Swamp (0/4) Lair:4        Snake (0/4) Lair:2        Slime (0/5) Lair:6
    Orc (2/2) D:10            Elf (1/3) Orc:2        Vaults (0/5) D:13
 Depths (0/5) D:15          Sewer (visited)

Shops:
D:5 !   D:8 (   D:10 [   D:13 [   Orc:2 (*=[   Elf:1 }}

Portals:
Trove: D:11 (give +6 ice dragon scales)

Annotations:
Elf:1 1 runed translucent door, rrossfarrar's ghost, adept FeBe


Innate Abilities, Weirdness & Mutations

You have an increased reservoir of magic. (+10% MP)


Message History

You feel strangely unstable.
The deep elf mage points at you and mumbles some strange words.
The bolt of lightning hits you!
* * * LOW HITPOINT WARNING * * *
The deep elf archer casts a spell at you.
You easily resist.
You feel much better. The deep elf mage casts a spell at you.
The bolt of lightning misses you.
The deep elf archer shoots an arrow.
The arrow hits you but does no damage.
The deep elf archer gestures at you while chanting.
You easily resist.
The deep elf archer shouts!
Unknown command.
The deep elf knight casts a spell at you.
The stone arrow hits you!!
* * * LOW HITPOINT WARNING * * *
The deep elf mage points at you and mumbles some strange words.
The bolt of lightning hits you!!!
You die...

###########.# .# #.
#.# .e§ #§ ####'##
...§#. ##...>.##
e.#§# ##.......##
..§. ##.........####
#e§ ##...........#..
#§§###..........)....
#§§§@'...(...........
#§§###..e............
..☼e§
##..............
.......
##.............
#######
##............
#############


You could see 3 deep elf archers, a deep elf knight and a deep elf mage.

Vanquished Creatures
  Saint Roka (Orc:2)
  Jorgrun (Orc:2)
  Agnes (D:14)
  A frost giant (D:15)
  A dire elephant (Lair:6)
  A deep elf death mage (Elf:1)
  Fannar (D:12)
  Harold (Orc:1)
  7 hydras
  A catoblepas (Lair:6)
  A vault guard (D:13)
  2 death knights
  2 death yaks
  4 centaur warriors
  6 dancing weapons (Elf:1)
  4 two-headed ogres
  3 tengu warriors
  2 orc high priests
  Sonja (Orc:1)
  4 deep elf knights (Elf:1)
  2 unseen horrors
  2 wizards
  A phantasmal warrior (D:12)
  2 deep elf archers (Elf:1)
  8 deep elf magi
  3 orc knights (Orc:2)
  3 orc sorcerers (Orc:2)
  3 cyclopes
  10 ugly things
  4 manticores
  2 centaur zombies
  3 gargoyles
  5 black mambas
  Psyche (D:12)
  A torpor snail (Lair:2)
  A yaktaur (D:15)
  5 spiny frogs
  3 rime drakes
  3 efreet
  4 kobold demonologists
  5 komodo dragons
  A freezing wraith (D:12)
  A tengu conjurer (D:13)
  A polar bear (Lair:2)
  3 meliai (Lair:6)
  18 blink frogs
  A hornet (D:9)
  7 trolls
  2 bog bodies (Lair:4)
  14 slime creatures
  8 hippogriffs
  2 shadows
  A vampire (D:11)
  2 wraiths
  5 air elementals (Elf:1)
  7 wyverns
  A water elemental (D:14)
  58 yaks
  3 fire elementals (Elf:1)
  9 basilisks
  6 vampire mosquitoes
  A hungry ghost (D:11)
  2 swamp worms (Lair:4)
  2 insubstantial wisps (Lair:1)
  4 nagas (Lair:2)
  5 wargs
  3 soldier ants
  An acid dragon (D:12)
  A hell hound (Lair:6)
  11 water moccasins
  Purgy (Sewer)
  7 porcupines
  5 eyes of draining
  4 ice beasts
  8 sky beasts
  A black bear (D:9)
  2 phantoms
  29 orc warriors
  A necrophage (D:10)
  13 ogres
  5 centaurs
  10 crocodiles
  11 bullfrogs
  2 big kobolds
  A wyvern zombie (D:13)
  A scorpion (shapeshifter) (D:13)
  5 scorpions
  22 killer bees
  3 wights (D:14)
  2 howler monkeys
  2 electric eels
  4 bullfrog zombies
  9 crimson imps
  2 quasits
  8 hounds
  3 jellies
  A gnoll shaman (Orc:1)
  18 orc priests
  3 bullfrog skeletons
  3 centaur skeletons
  2 iguanas
  22 orc wizards
  8 worker ants
  A hound skeleton (D:9)
  A howler monkey zombie (D:5)
  A worker ant zombie (D:11)
  8 gnolls
  8 adders
  2 shadow imps (D:14)
  6 oozes
  A worm (D:2)
  2 dart slugs (D:1)
  7 leopard geckos
  76 orcs
  A ball python (D:8)
  4 bats
  3 giant cockroaches (D:1)
  13 goblins
  8 hobgoblins
  16 jackals
  6 quokkas
  3 frilled lizards
  20 kobolds
  A leopard gecko zombie (D:8)
  3 rats
  A fungus (Lair:6)
706 creatures vanquished.

Vanquished Creatures (collateral kills)
  A redback zombie (D:14)
  4 killer bees (Lair:6)
  An orc wizard (D:14)
  2 worker ants (D:14)
  An orc (D:14)
9 creatures vanquished.

Vanquished Creatures (others)
  A deep elf archer (Elf:1)
  3 killer bees
  An electric eel (Lair:1)
  2 orcs
  19 fungi
  20 plants
46 creatures vanquished.

Grand Total: 761 creatures vanquished

Notes
Turn   | Place    | Note
-------+----------+-------------------------------------------
     0 | D:1      | Johnny the Demigod Gladiator began the quest for the Orb.
     0 | D:1      | Reached XP level 1. HP: 17/17 MP: 3/3
   106 | D:1      | Reached skill level 3 in Polearms
   145 | D:1      | Reached XP level 2. HP: 7/24 MP: 4/4
   823 | D:1      | Reached XP level 3. HP: 25/30 MP: 5/5
  1282 | D:2      | Found a shattered altar of Ashenzari.
  1303 | D:2      | Found a faded altar of an unknown god.
  1332 | D:2      | Found a glowing golden altar of the Shining One.
  1437 | D:2      | Found a sparkling altar of Nemelex Xobeh.
  1513 | D:2      | Reached skill level 4 in Polearms
  1701 | D:2      | Found a shadowy altar of Dithmenos.
  1927 | D:3      | Reached XP level 4. HP: 37/37 MP: 6/6
  2168 | D:3      | Found a bloodstained altar of Trog.
  2505 | D:4      | Noticed an ogre
  2577 | D:4      | Reached skill level 5 in Polearms
  2612 | D:4      | Found a glowing drain.
  2619 | D:4      | Reached XP level 5. HP: 27/42 MP: 7/7
  2628 | Sewer    | Entered a sewer
  2789 | Sewer    | Noticed Purgy
  2799 | Sewer    | Killed Purgy
  3022 | Sewer    | Reached skill level 6 in Polearms
  3124 | D:4      | Killed an ogre
  3124 | D:4      | Reached XP level 6. HP: 50/50 MP: 8/8
  3319 | D:4      | Found a bloodstained altar of Trog.
  3902 | D:4      | Reached skill level 7 in Polearms
  4505 | D:5      | Entered Level 5 of the Dungeon
  4664 | D:5      | Reached XP level 7. HP: 56/56 MP: 9/9
  4724 | D:5      | Found Qirit's Distillery.
  4799 | D:5      | Bought a potion of heal wounds for 65 gold pieces
  4799 | D:5      | Bought a potion of curing for 39 gold pieces
  4799 | D:5      | Bought a potion of flight for 39 gold pieces
  4799 | D:5      | Bought a potion of heal wounds for 65 gold pieces
  4799 | D:5      | Bought a potion of curing for 39 gold pieces
  4832 | D:5      | Reached skill level 8 in Polearms
  4895 | D:5      | Found an iron altar of Okawaru.
  5287 | D:6      | Found a stormy altar of Qazlal.
  5364 | D:6      | Reached skill level 9 in Polearms
  5457 | D:6      | Reached XP level 8. HP: 38/62 MP: 10/10
  5605 | D:6      | Found a blossoming altar of Fedhas.
  5800 | D:6      | Found an ornate altar of the Wu Jian Council.
  5972 | D:7      | Found a hazy altar of Hepliaklqana.
  5972 | D:7      | Found a burning altar of Makhleb.
  6056 | D:7      | Found a staircase to the Ecumenical Temple.
  6141 | D:7      | Found a snail-covered altar of Cheibriados.
  6783 | D:8      | Reached skill level 10 in Polearms
  7157 | D:8      | Reached skill level 11 in Polearms
  7528 | D:8      | Found Eceoshreo's Antique Weapon Shoppe.
  7778 | D:9      | Reached XP level 9. HP: 62/68 MP: 11/11
  7815 | D:9      | Found the +8 glaive of the Guard {elec, +Rage AC+5 SInv}
  7851 | D:9      | Found a basalt altar of Yredelemnul.
  7858 | D:9      | Reached skill level 12 in Polearms
  8004 | D:9      | Paralysed by a hornet for 1 turns
  8013 | D:9      | Reached skill level 13 in Polearms
  8124 | D:9      | Found a staircase to the Lair.
  8485 | D:10     | Entered Level 10 of the Dungeon
  8495 | D:10     | Found Eleniat's Armour Emporium.
  8523 | D:10     | Reached XP level 10. HP: 39/74 MP: 13/13
  9101 | D:10     | Found a staircase to the Orcish Mines.
  9128 | D:10     | Reached skill level 14 in Polearms
  9278 | D:10     | Identified a scroll of acquirement
  9695 | D:11     | Noticed a two-headed ogre
  9700 | D:11     | Killed a two-headed ogre
  9772 | D:11     | Noticed a cyclops
  9775 | D:11     | Killed a cyclops
  9823 | D:11     | Reached skill level 15 in Polearms
  9928 | D:11     | Got a pair of jewelled boots
  9939 | D:11     | Identified the -3 pair of boots "Rasam" {rF- rN+ SInv} (You
                  | acquired it on level 11 of the Dungeon)
 10416 | D:11     | Found a portal to a secret trove of treasure.
 10847 | D:12     | Noticed an unseen horror
 10854 | D:12     | Killed an unseen horror
 10854 | D:12     | Reached XP level 11. HP: 64/80 MP: 14/14
 10855 | D:12     | Noticed a two-headed ogre
 11276 | D:12     | Noticed Fannar
 11477 | D:12     | Noticed a two-headed ogre
 11673 | Orc:1    | Entered Level 1 of the Orcish Mines
 11675 | Orc:1    | Noticed an orc high priest
 11911 | Orc:1    | Killed an orc high priest
 11925 | Orc:1    | Found a roughly hewn altar of Beogh.
 12107 | Orc:2    | Entered Level 2 of the Orcish Mines
 12162 | Orc:2    | Reached skill level 16 in Polearms
 12193 | Orc:2    | Noticed Jorgrun
 12607 | D:11     | Killed a two-headed ogre
 12789 | D:12     | Noticed a death knight
 12789 | D:12     | Noticed a phantasmal warrior
 12858 | Lair:1   | Entered Level 1 of the Lair of Beasts
 14169 | Lair:2   | Noticed a death yak
 14172 | Lair:2   | Noticed an eight-headed hydra
 14175 | Lair:2   | Killed a death yak
 14182 | Lair:2   | Killed a 12-headed hydra
 14182 | Lair:2   | Reached skill level 17 in Polearms
 14207 | Lair:2   | Noticed a seven-headed hydra
 14274 | Lair:2   | Killed a ten-headed hydra
 14550 | Lair:2   | Reached XP level 12. HP: 71/88 MP: 15/15
 14954 | Lair:2   | Found a staircase to the Snake Pit.
 15288 | Lair:2   | Reached skill level 18 in Polearms
 16591 | Lair:4   | Found a hide-covered altar of Uskayaw.
 16607 | Lair:4   | Noticed a seven-headed hydra
 16615 | Lair:4   | Killed a ten-headed hydra
 16752 | Lair:4   | You fall into a shaft and drop 2 floors!
 16752 | Lair:6   | Entered Level 6 of the Lair of Beasts
 17156 | Lair:6   | Noticed a dire elephant
 17163 | Lair:6   | Killed a dire elephant
 17163 | Lair:6   | Reached skill level 19 in Polearms
 17674 | Lair:6   | Reached XP level 13. HP: 92/93 MP: 16/16
 18006 | Lair:6   | Found a staircase to the Slime Pits.
 19069 | Lair:5   | Reached skill level 20 in Polearms
 19699 | Lair:5   | Got a smoking rapier
 19722 | Lair:5   | Got a crude falchion
 20843 | Lair:4   | Found a staircase to the Swamp.
 21169 | Orc:2    | Killed Jorgrun
 21293 | Orc:2    | Noticed Saint Roka
 21319 | Orc:2    | Killed Saint Roka
 21710 | Orc:2    | Reached skill level 21 in Polearms
 21738 | Orc:2    | Found a roughly hewn altar of Beogh.
 21865 | Orc:2    | Found Hokyetta's Jewellery Shop.
 21877 | Orc:2    | Reached XP level 14. HP: 88/100 MP: 17/17
 22043 | Orc:2    | Found Wietaqiw's Antique Weapon Shop.
 22059 | Orc:2    | Found Vyshammo's General Store.
 22067 | Orc:2    | Bought a scroll of teleportation for 42 gold pieces
 22067 | Orc:2    | Bought a scroll of identify for 28 gold pieces
 22067 | Orc:2    | Bought a scroll of fog for 28 gold pieces
 22151 | Orc:2    | Found a roughly hewn altar of Beogh.
 22155 | Orc:2    | Found a staircase to the Elven Halls.
 22311 | Orc:2    | Found Jeng's Antique Armour Shop.
 22317 | Orc:2    | Bought a pair of glowing gloves for 217 gold pieces
 22317 | Orc:2    | Bought a glowing helmet for 217 gold pieces
 22604 | Orc:1    | Noticed Sonja
 23048 | D:10     | Bought a +3 scale mail of poison resistance for 299 gold
                  | pieces
 23191 | Orc:1    | Killed Sonja
 23316 | Orc:1    | Noticed Harold
 23431 | Orc:1    | Killed Harold
 24142 | D:12     | Killed Fannar
 24369 | D:12     | Noticed Psyche
 24378 | D:12     | Killed Psyche
 25269 | D:13     | Found a gate to the Vaults.
 25314 | D:13     | Found Capiuwki's Antique Armour Shop.
 26037 | D:13     | Reached skill level 22 in Polearms
 26635 | Orc:2    | Bought an uncursed amulet of guardian spirit for 390 gold
                  | pieces
 27087 | D:14     | Identified the +7 falchion "Veosearr" {slice, rF+} (You
                  | found it on level 5 of the Lair of Beasts)
 27088 | D:14     | Identified the +3 rapier of Execution {pierce, MR+ Dex-4
                  | Stlth+} (You found it on level 5 of the Lair of Beasts)
 27303 | D:14     | Noticed Agnes
 27315 | D:14     | Killed Agnes
 28207 | D:15     | Entered Level 15 of the Dungeon
 28315 | D:15     | Reached XP level 15. HP: 105/105 MP: 14/18
 28560 | D:15     | Found a staircase to the Depths.
 29377 | Elf:1    | Entered Level 1 of the Elven Halls
 29498 | Elf:1    | Reached skill level 23 in Polearms
 30048 | Elf:1    | Found a runed translucent door.
 30048 | Elf:1    | Noticed rrossfarrar's ghost (adept FeBe)
 30080 | Elf:1    | Found Miridoa's Gadget Shop.
 30119 | Elf:1    | Bought a wand of digging (5) for 306 gold pieces
 30153 | Elf:1    | Found Cuaf's Gadget Shop.
 30720 | Elf:1    | Killed from afar by a deep elf mage

Levels and vault maps discovered:
D:1:      psy_arrival_terrarium, layout_loops_cross
D:2:      layout_rooms, overflow_temple_1_default, tso_oasis_becter,
          nemelex_xobeh_ov_fountains_minmay, ashenzari_altar_1,
          chequers_ecumenical_altar_island, st_stairs_12,
          hangedman_decor_diamond_cutter, patterned_corridor
D:3:      layout_basic, bloody_trog, serial_glass, glass_columns_b,
          glass_columns_b, glass_columns_a, glass_columns_a, glass_columns_b,
          due_unseen_surprise, minmay_strange_pillars, feat_on_display,
          feat_on_display, eino_curves_04
D:4:      layout_layer_cave, first_ration, portal_sewer_entry_d,
          trog_butcher_becter
D:5:      layout_rooms, serial_shops, shop, okawaru_altar_gauntlet_db
D:6:      layout_rooms, old_standard_altar, lemuel_coloured_pillars_altar,
          nicolae_qazlal_general_emergency
D:7:      layout_cave_pods, gammafunk_temple_overflow_wave, temple_doors_e,
          basic_altar
D:8:      layout_loops_ring, serial_shops, nicolae_shop_behind_doors
D:9:      layout_irregular_city, erik_lair_orcish_takeover, basic_altar,
          hangedman_pestilent_swarm
D:10:     layout_cave_pools, david_orc_1_choice, serial_column_ruins,
          column_ruins_hut, column_ruins_grid_1, column_ruins_open_tiny,
          column_ruins_grid_3, serial_shops, shop
D:11:     layout_stronghold, nicolae_trove_entry_columns
D:12:     layout_irregular_city, uniq_fannar, uniq_psyche
D:13:     layout_irregular_city, david_vaults_5, serial_shops,
          nicolae_shop_window_shopping, solitary_fountain
D:14:     layout_cave_pools, serial_bayou_lagoon_a, minivault_5, uniq_agnes
D:15:     grunt_enter_depths_snipers, layout_basic,
          chequers_serial_rivers_room_a, minivault_5
Lair:1:   layout_regular_city, nicolae_quartered_pool_super, minivault_26,
          chequers_serial_rivers_large_a, pond
Lair:2:   layout_gridlike, minmay_snake_entry_guardpost_small,
          grunt_megastairs_5
Lair:3:   layout_cave_shapes, infiniplex_staircase_pool, grunt_megastairs_3
Lair:4:   layout_gridlike, nicolae_swamp_entry_splash_gauntlet, basic_altar,
          serial_bayou_lake_a
Lair:5:   layout_small_grid
Lair:6:   evil_forest, layout_layer_cave, nicolae_slime_entry_slimehenge,
          special_room [special_room_bee]
Orc:1:    layout_caves, basic_altar, uniq_harold, uniq_sonja
Orc:2:    grunt_orc_cross, layout_caves, lemuel_statue_altar, uniq_jorgrun
Elf:1:    layout_gridlike, ebering_ghost_inner_flame, serial_shops, shop,
          nicolae_shop_competitors_out_of_business, minivault_28,
          lemuel_flamethrower_hall

Skill      XL: |  1  2  3  4  5  6  7  8  9 10 11 12 13 14 15 |
---------------+----------------------------------------------+-----
Fighting       | 2 4 |  4.2
Polearms       | 3 4 5 6 7 9 11 13 15 17 19 21 22 23 | 23.2
Throwing       | |  1.7
Dodging        | |  2.6

Action                   |  1- 3 |  4- 6 |  7- 9 | 10-12 | 13-15 || total
-------------------------+-------+-------+-------+-------+-------++-------
Melee: Trident           |    97 |       |       |       |       ||    97
       Halberd           |    51 |   170 |   291 |       |       ||   512
       Glaive            |       |       |    74 |   564 |   917 ||  1555
Throw: Throwing net      |       |     1 |     1 |     1 |     5 ||     8
 Abil: Evoke Berserk Rag |       |       |     1 |     4 |    18 ||    23
Evoke: Wand              |       |       |     3 |    22 |    14 ||    39
       Lamp of fire      |       |       |       |     1 |     1 ||     2
       Box of beasts     |       |       |       |       |     1 ||     1
  Use: Scroll            |     2 |     3 |    10 |    10 |    15 ||    40
       Potion            |       |     1 |     2 |     5 |     7 ||    15
 Stab: Sleeping          |     4 |       |       |       |       ||     4
       Paralysed         |       |       |       |     3 |       ||     3
       Invisible         |       |       |       |     1 |       ||     1
       Held in net/web   |       |       |       |       |     1 ||     1
  Eat: Chunk             |     3 |     3 |    13 |    25 |    29 ||    73
       Ration            |       |     2 |       |     4 |     8 ||    14
Armor: Leather armour    |    31 |       |       |       |       ||    31
       Chain mail        |    34 |    77 |   176 |   241 |   105 ||   633
       Scale mail        |       |       |       |       |   304 ||   304
Dodge: Dodged            |    63 |    65 |   124 |   235 |   339 ||   826
